 Dungeon Crawl Stone Soup version 0.19-a0-1878-gcbc8a98 (webtiles) character file.

4991 PurpleRed the Destroyer (level 10, -3/81 HPs)
             Began as a Demigod Wizard on Oct 13, 2016.
             Slain by a black mamba (14 damage)
             ... on level 1 of the Lair of Beasts.
             The game lasted 00:51:08 (3593 turns).

PurpleRed the Destroyer (Demigod Wizard)            Turns: 3593, Time: 00:51:09

Health: -3/81      AC:  6    Str: 15    XL:     10   Next: 8%
Magic:  7/34       EV: 19    Int: 28    God:
Gold:   482        SH:  0    Dex: 19    Spells: 6 memorised, 11 levels left

rFire  + . .     SeeInvis .     a - +5 spear (venom)
rCold  . . .     Gourm    .     E - +2 robe
rNeg   . . .     Faith    .     (no shield)
rPois  .         Spirit   .     o - +0 hat
rElec  .         Dismiss  .     j - +1 cloak
rCorr  .         Reflect  .     (no gloves)
MR     +....     Harm     .     (no boots)
Stlth  +++.......               (no amulet)
                                y - ring of protection from fire
                                r - ring of magical power

@: mighty, agile, very slightly contaminated, hasted, very quick
A: high mp 1
a: no special abilities


You were on level 1 of the Lair of Beasts.
You were not hungry.

You visited 2 branches of the dungeon, and saw 13 of its levels.

You collected 482 gold pieces.

Inventory:

Hand Weapons
 a - a +5 spear of venom (weapon)
 n - a +2 whip of freezing
 w - a +0 dagger of electrocution
 D - a +0 blowgun
 J - the +6 war axe of Mokaz {chop, rElec rC+ Dex-3}
   (You found it on level 9 of the Dungeon)

   It inflicts extra damage upon your enemies.
   It affects your dexterity (-3).
   It protects you from cold.
   It insulates you from electricity.
Missiles
 h - 68 poisoned needles
Armour
 j - a +1 cloak (worn)
 o - a +0 hat (worn)
 p - the +1 cloak of Starlight {rElec rC+ EV+4 Stlth--}
   (You found it on level 1 of the Lair of Beasts)

   It affects your evasion (+4).
   It protects you from cold.
   It insulates you from electricity.
   It makes you much less stealthy.
 E - a +2 robe (worn)
Magical Staves
 g - an uncursed staff of earth
Rods
 b - a +0 lightning rod (3/9)
   (You found it on level 5 of the Dungeon)
Jewellery
 r - a ring of magical power (left hand)
 y - a ring of protection from fire (right hand)
 H - an uncursed ring of positive energy
Wands
 u - a wand of disintegration (4/24)
 C - a wand of hasting (0/9)
Scrolls
 i - a scroll of magic mapping
 G - a scroll of blinking {unknown}
 L - a scroll of immolation
 M - a scroll of noise {unknown}
Potions
 e - a potion of cure mutation
 k - a potion of cancellation
 l - 2 potions of ambrosia
 m - a potion of resistance
 t - 4 potions of flight
 v - 2 potions of curing
 A - 2 potions of brilliance
 K - a potion of mutation {unknown}
Books
 c - a book of Minor Magic

   Spells                             Type                      Level
   a - Magic Dart                     Conjuration                  1
   b - Blink                          Translocation                2
   c - Call Imp                       Summoning                    2
   d - Repel Missiles                 Charms/Air                   2
   e - Slow                           Hexes                        2
   f - Conjure Flame                  Conjuration/Fire             3
   g - Mephitic Cloud                 Conjuration/Poison/Air       3
 F - a book of Cantrips

   Spells                             Type                      Level
   a - Confusing Touch                Hexes                        1
   b - Animate Skeleton               Necromancy                   1
   c - Summon Small Mammal            Summoning                    1
   d - Apportation                    Translocation                1
Miscellaneous
 q - a box of beasts
Comestibles
 d - 5 bread rations
 f - 6 meat rations
 z - a slice of pizza


   Skills:
 - Level 5.0 Fighting
 + Level 4.3 Polearms
 - Level 3.0 Dodging
 - Level 1.7 Stealth
 + Level 7.7 Spellcasting
 + Level 8.0 Conjurations
 - Level 3.9 Summonings
 - Level 0.8 Translocations


You had 11 spell levels left.
You knew the following spells:

 Your Spells              Type           Power        Failure   Level  Hunger
a - Magic Dart            Conj           ####         1%          1    None
b - Call Imp              Summ           ####....     1%          2    None
c - Mephitic Cloud        Conj/Pois/Air  ####....     6%          3    None
d - Conjure Flame         Conj/Fire      ####....     3%          3    None
e - Blink                 Tloc           N/A          8%          2    None
f - Repel Missiles        Chrm/Air       ##....       10%         2    None


Dungeon Overview and Level Annotations

Branches:
Dungeon (12/15)            Temple (0/1) D:5            Lair (1/6) D:9
    Orc (0/2) D:10

Shops:
D:2 *   D:6 }

Annotations:
D:8 Ultraviolent4's ghost, novice FoFi
D:10 4 runed doors


Innate Abilities, Weirdness & Mutations

You have an increased reservoir of magic. (+10% MP)


Message History

The black mamba bites you but does no damage.
You closely miss the black mamba.
The black mamba is moderately wounded.
The black mamba completely misses you.
You closely miss the black mamba.
The black mamba is moderately wounded.
The black mamba bites you!
* * * LOW HITPOINT WARNING * * *
The black mamba misses you.
You feel better. The black mamba completely misses you.
Your crimson imp blinks!
The black mamba misses you.
Okay, then.
Evoke which item? (* to show all) (? for menu, Esc to quit)
Zapping:
C - a wand of hasting (1/9)
Press: ? - help, Shift-Dir - straight line, f - you, p - black mamba You feel yourself speed up.
You are very lightly contaminated with residual magic.
This wand has 0 charges left.
The black mamba bites you!
You die...

..#...
.....##............#
......
...........ยง.......#.
......
.........t...........
......
.....#..5........###.
......
.#....t.........##
......
.................##
....
.....Y..............$.
....
........S.............
...(....@.......#...#.
..##.[#......#..##....
. #.##.#..####.# ####
## ##.#.# ## #####


You could see a black mamba, a yak, 2 crocodiles and a friendly crimson imp.

Vanquished Creatures
  An ugly thing (D:10)
  A hornet (D:10)
  Prince Ribbit (D:8)
  Menkaure (D:5)
  Duvessa (D:7)
  A warg (D:9)
  4 water moccasins
  A porcupine (Lair:1)
  6 orc warriors
  3 ogres
  2 centaurs
  A wolf (Lair:1)
  A necrophage (D:8)
  3 crocodiles
  Blork the orc (D:4)
  6 bullfrogs
  A water moccasin skeleton (D:8)
  2 scorpions (D:9)
  A crimson imp (D:9)
  A hound (D:7)
  4 orc priests
  5 orc wizards
  2 iguanas
  3 worker ants
  Natasha (D:3)
  6 adders
  A shadow imp (D:8)
  An ooze (D:2)
  3 worms
  2 leopard geckos
  11 orcs
  4 bats
  A giant cockroach (D:1)
  2 goblins (D:3)
  A hobgoblin (D:1)
  2 quokkas
  A ball python (D:6)
  2 frilled lizards
  9 kobolds
  A leopard gecko zombie (D:8)
  2 rats
103 creatures vanquished.

Vanquished Creatures (collateral kills)
  Pikel (D:8)
  Eustachio (D:7)
  A warg (D:9)
  A black bear (D:9)
  An ogre (D:9)
  A centaur (D:8)
  2 big kobolds (D:8)
  Dowan (D:7)
  A howler monkey (D:9)
  2 crimson imps
  A centaur skeleton (D:9)
  3 orc wizards (D:7)
  A worker ant zombie (D:6)
  2 adders
  An ooze (D:2)
  A leopard gecko (D:9)
  15 orcs
  A giant cockroach (D:3)
  A hobgoblin (D:2)
  A quokka (D:2)
  2 kobolds (D:8)
41 creatures vanquished.

Vanquished Creatures (others)
  A blink frog (Lair:1)
  3 slaves (D:8)
  A centaur (D:8)
5 creatures vanquished.

Grand Total: 149 creatures vanquished

Notes
Turn   | Place    | Note
-------+----------+-------------------------------------------
     0 | D:1      | PurpleRed the Demigod Wizard began the quest for the Orb.
     0 | D:1      | Reached XP level 1. HP: 14/14 MP: 6/6
    19 | D:1      | Reached skill level 1 in Conjurations
   198 | D:2      | Reached XP level 2. HP: 12/20 MP: 6/8
   216 | D:2      | Learned a level 2 spell: Call Imp
   246 | D:3      | Noticed Natasha
   288 | D:2      | Reached skill level 1 in Summonings
   296 | D:2      | Found Zin's Purification Station.
   304 | D:2      | Found a glowing silver altar of Zin.
   330 | D:2      | Reached skill level 2 in Conjurations
   407 | D:2      | Reached XP level 3. HP: 23/26 MP: 8/10
   465 | D:2      | Learned a level 3 spell: Mephitic Cloud
   488 | D:3      | Found a radiant altar of Vehumet.
   491 | D:3      | Killed Natasha
   498 | D:3      | Reached XP level 4. HP: 12/33 MP: 2/11
   706 | D:4      | Learned a level 3 spell: Conjure Flame
   720 | D:4      | Found a basalt altar of Yredelemnul.
   884 | D:4      | Noticed Blork the orc
   902 | D:4      | Killed Blork the orc
   902 | D:4      | Reached skill level 3 in Conjurations
   902 | D:4      | Reached XP level 5. HP: 38/38 MP: 13/13
   921 | D:5      | Entered Level 5 of the Dungeon
   949 | D:5      | Found a staircase to the Ecumenical Temple.
   950 | D:5      | Noticed Menkaure
   956 | D:5      | Killed Menkaure
   956 | D:5      | Reached skill level 1 in Polearms
   956 | D:5      | Reached XP level 6. HP: 24/45 MP: 15/15
  1121 | D:6      | Found Eperew's Gadget Emporium.
  1226 | D:6      | Reached XP level 7. HP: 29/50 MP: 17/17
  1419 | D:6      | Found a shimmering altar of Xom.
  1436 | D:6      | Noticed Eustachio
  1446 | D:6      | Reached skill level 4 in Conjurations
  1466 | D:6      | Reached skill level 1 in Fighting
  1587 | D:7      | Learned a level 2 spell: Blink
  1590 | D:7      | Learned a level 2 spell: Repel Missiles
  1663 | D:7      | Found a hide-covered altar of Uskayaw.
  1669 | D:7      | Noticed Duvessa
  1669 | D:7      | Noticed Dowan
  1688 | D:7      | Killed Duvessa
  1717 | D:7      | Killed Dowan
  1717 | D:7      | Reached skill level 5 in Spellcasting
  1724 | D:7      | Killed Eustachio
  1790 | D:7      | Reached skill level 5 in Conjurations
  1790 | D:7      | Reached XP level 8. HP: 37/62 MP: 19/19
  1967 | D:8      | Noticed Pikel
  2010 | D:8      | Killed Pikel
  2104 | D:8      | Reached skill level 6 in Conjurations
  2315 | D:8      | Noticed Prince Ribbit
  2317 | D:8      | Noticed Ultraviolent4's ghost (novice FoFi)
  2367 | D:8      | Reached XP level 9. HP: 65/72 MP: 22/22
  2452 | D:8      | Killed Prince Ribbit
  2567 | D:10     | Entered Level 10 of the Dungeon
  2632 | D:9      | Reached skill level 5 in Fighting
  2668 | D:9      | Found a staircase to the Lair.
  2747 | D:9      | Reached skill level 7 in Conjurations
  2990 | D:9      | Got a smoking war axe
  3081 | D:10     | Found a runed gate.
  3081 | D:10     | Found a runed door.
  3094 | D:10     | Found a runed door.
  3127 | D:10     | Found a runed gate.
  3142 | D:10     | Identified the +6 war axe of Mokaz {chop, rElec rC+ Dex-3} (You found it on level 9 of the Dungeon)
  3358 | D:10     | Found a staircase to the Orcish Mines.
  3374 | D:10     | Noticed a red ugly thing
  3400 | D:10     | Killed a red ugly thing
  3478 | Lair:1   | Entered Level 1 of the Lair of Beasts
  3478 | Lair:1   | Noticed a seven-headed hydra
  3543 | Lair:1   | Reached XP level 10. HP: 58/81 MP: 17/25
  3552 | Lair:1   | Reached skill level 8 in Conjurations
  3553 | Lair:1   | Noticed a black mamba
  3591 | Lair:1   | HP: 4/81 [black mamba (10)]
  3593 | Lair:1   | Slain by a black mamba

Vault maps used:
D:1:      dpeg_arrival_radiant
D:2:      zin_purify, kennysheep_okawaru_gauntlet
D:3:      chequers_temple_overflow_minitemple, old_standard_altar, uniq_natasha
D:4:      lemuel_round_altar, lemuel_coloured_pillars_altar,
          kennysheep_generic_room_3, uniq_blork_the_orc
D:5:      first_bread, uniq_menkaure
D:6:      lemuel_doored_altar, serial_shops, shop_statue, uniq_eustachio
D:7:      basic_altar, uniq_duvessa
D:8:      hangedman_pestilent_swarm, dk_vineyard_2, uniq_prince_ribbit1,
          uniq_pikel
D:9:      erik_lair_orcish_takeover, minmay_misc_feat_square
D:10:     kennysheep_blocky_room, orc_0_dummy,
          minmay_guarded_unrand_staff_of_olgreb
D:11:     uniq_sonja
D:12:     kennysheep_opposing_triangles
Lair:1:   infiniplex_staircase_pool_2

Skill      XL: |  1  2  3  4  5  6  7  8  9 10 |
---------------+-------------------------------+-----
Conjurations   | 1 2 3 5 6 7 8 |  8.0
Spellcasting   | 3 4 5 6 7 |  7.7
Summonings     | 1 2 3 |  3.9
Polearms       | 1 2 4 |  4.3
Fighting       | 2 4 5 |  5.0
Dodging        | 3 |  3.0
Stealth        | |  1.7
Translocations | |  0.8

Action                   |  1- 3 |  4- 6 |  7- 9 | 10-12 || total
-------------------------+-------+-------+-------+-------++-------
Melee: Hand axe          |     9 |       |       |       ||     9
       Spear             |    32 |    43 |   225 |     5 ||   305
 Cast: Magic Dart        |     8 |     3 |     8 |       ||    19
       Call Imp          |     6 |     8 |    52 |     4 ||    70
       Mephitic Cloud    |     2 |     5 |    44 |     4 ||    55
       Repel Missiles    |       |       |     1 |       ||     1
       Conjure Flame     |       |       |     3 |       ||     3
       Blink             |       |       |     3 |       ||     3
Evoke: Rod               |       |     5 |     9 |     2 ||    16
       Wand              |       |       |       |     1 ||     1
  Use: Scroll            |       |    10 |    10 |     2 ||    22
       Potion            |       |       |     2 |     4 ||     6
 Stab: Sleeping          |     1 |     2 |       |       ||     3
       Confused          |       |     2 |    11 |       ||    13
       Distracted        |       |       |     2 |       ||     2
  Eat: Chunk             |       |     2 |     7 |       ||     9
       Pizza             |       |       |     1 |       ||     1
       Beef jerky        |       |       |     1 |       ||     1
Armor: Robe              |     7 |       |    18 |     3 ||    28
Dodge: Dodged            |    16 |     8 |    66 |    12 ||   102
       Deflected         |       |       |     4 |       ||     4
